Map: Triton LE

Players

Handsome

  • Race: Zerg Zerg
  • League: Diamond
  • Spawn Location: 5:00

ViBE - Winner!

  • Race: Zerg Zerg
  • League: Diamond
  • Spawn Location: 11:00

VOD

Have the link to the VOD?

Description

Time

  • Played on: Dec. 15, 2019, 11:01 p.m.
  • Length: 11:12
Show
View Real Time Build Order
Export as new Build Order

Handsome Zerg 

Build Orders: Hatch First 

Get SALT Encoding   

  12  0:00  Drone  
  13  0:12  Overlord  
  13  0:16  Drone  
  14  0:30  Drone x2  
  14  0:34  Drone  
  17  0:52  Hatchery  
  17  0:55  Drone  
  17  0:58  Drone  
  18  1:13  Spawning Pool  
  18  1:15  Drone  
  18  1:18  Drone  
  19  1:28  Drone  
  20  1:43  Hatchery  
  20  1:44  Drone  
  20  1:49  Drone  
  21  1:58  Extractor  
  21  1:59  Queen  
  23  2:04  Drone x2  
  25  2:10  Overlord  
  25  2:23  Drone x2  
  25  2:27  Overlord  
  25  2:28  Queen  
  29  2:32  Zergling x2  
  29  2:36  Zergling x2  
  31  2:42  Overlord  
  31  2:47  Drone  
  32  2:54  Drone  
  32  2:57  Drone  
  32  2:58  Queen  
  36  3:11  Drone x6  
  36  3:12  Drone  
  43  3:17  Overlord  
  43  3:19  Drone  
  44  3:28  Extractor x2  
  44  3:29  Overlord x2, Roach Warren  
  44  3:30  Drone x2  
  43  3:39  Overlord  
  43  3:41  Drone x2  
  45  3:53  Drone x5  
  49  3:59  Zergling x4  
  50  4:07  Zergling x4  
  52  4:12  Roach x3  
  52  4:16  Roach  
  60  4:17  Roach  
  62  4:28  Roach x2  
  62  4:31  Overlord x2  
  65  4:34  Drone x4  
  66  4:48  Roach x4  
  66  4:49  Roach  
  72  5:06  Roach x3  
  78  5:08  Overlord x4  
  78  5:12  Drone x3  
  78  5:13  Extractor x2  
  79  5:19  Overlord x2  
  79  5:22  Spine Crawler  
  79  5:24  Spine Crawler  
  79  5:26  Spine Crawler  
  79  5:27  Lair  
  76  5:30  Drone, Extractor  
  76  5:31  Drone x3, Extractor  
  76  5:33  Drone x2  
  76  5:34  Drone x2  
  76  6:00  Roach x6  
  76  6:01  Roach x2  
  86  6:18  Zergling x2  
  86  6:19  Zergling x10  
  92  6:27  Roach x4  
  100  6:35  Spire  
  99  6:46  Roach x4  
  99  6:47  Roach x5  
  116  7:09  Drone  
  116  7:10  Drone x10  
  127  7:26  Hatchery  
  127  7:27  Overlord x2  
  126  7:47  Mutalisk x9  
  133  8:23  Mutalisk  
  133  8:24  Mutalisk x5  
  133  8:26  Roach  
  127  8:27  Roach x2  
  115  8:36  Mutalisk  
  115  8:38  Zergling x18  
  115  8:39  Zergling x8  
  130  9:03  Mutalisk x5  
  140  9:12  Overlord x2  
  140  9:13  Zergling x8  
  99  9:39  Baneling Nest  
  98  9:51  Roach  
  98  9:52  Roach x11  
  112  10:11  Overseer  
  104  10:20  Zergling x12  
Show
View Real Time Build Order
Export as new Build Order

ViBE Zerg - Winner!

Build Orders: Hatch First, Roach Hydra 

Get SALT Encoding   

  12  0:02  Drone  
  13  0:13  Overlord  
  13  0:18  Drone  
  14  0:31  Drone x2  
  16  0:50  Hatchery  
  16  0:55  Drone  
  16  0:56  Drone  
  17  1:05  Drone  
  18  1:19  Extractor  
  18  1:20  Spawning Pool  
  18  1:24  Drone  
  17  1:27  Drone  
  17  1:32  Drone  
  19  1:50  Overlord  
  19  2:00  Drone  
  20  2:06  Zergling x4  
  20  2:07  Queen x2  
  26  2:11  Drone  
  27  2:17  Drone  
  28  2:25  Drone x2, Metabolic Boost  
  30  2:34  Drone x2  
  32  2:44  Drone  
  33  2:49  Drone  
  34  2:55  Baneling Nest  
  34  2:57  Drone, Hatchery  
  33  3:00  Overlord  
  33  3:05  Drone  
  33  3:19  Drone x7  
  40  3:31  Zergling x4  
  42  3:42  Zergling x2  
  42  3:46  Overlord  
  43  3:50  Lair  
  43  3:54  Overlord  
  43  3:55  Overlord  
  43  4:02  Extractor x2, Roach Warren, Queen  
  44  4:04  Zergling x10  
  47  4:13  Baneling x2  
  47  4:17  Drone x4  
  47  4:23  Drone x6  
  57  4:30  Drone x2  
  58  4:41  Drone x3  
  59  4:47  Drone x3  
  58  4:54  Drone x7  
  63  5:10  Roach  
  63  5:11  Roach x4  
  73  5:15  Overlord  
  73  5:19  Overlord  
  73  5:20  Overlord  
  73  5:27  Overlord  
  73  5:32  Glial Reconstitution  
  73  5:35  Roach x4, Evolution Chamber  
  81  5:38  Roach x4  
  88  5:43  Hatchery  
  88  5:46  Roach  
  88  5:47  Roach  
  91  5:52  Roach  
  89  5:57  Roach x2  
  89  6:00  Roach x4  
  89  6:03  Zergling x10  
  98  6:07  Roach  
  96  6:16  Zerg Missile Weapons Level 1  
  96  6:18  Extractor  
  95  6:19  Drone, Extractor  
  95  6:20  Extractor  
  95  6:22  Drone x3  
  97  6:28  Drone  
  97  6:31  Drone x2  
  97  6:32  Drone x3  
  103  6:33  Drone x3  
  103  6:34  Overlord  
  103  6:35  Overlord  
  106  6:40  Overseer  
  106  6:41  Overlord  
  104  6:52  Drone  
  105  6:54  Roach  
  105  6:55  Roach x3  
  105  7:00  Roach  
  105  7:01  Roach x9  
  133  7:06  Overlord x2  
  133  7:19  Roach  
  135  7:25  Overlord x4  
  135  7:29  Roach  
  151  7:30  Roach x7  
  151  7:39  Hydralisk Den  
  151  7:41  Evolution Chamber  
  149  7:48  Drone x2  
  149  7:50  Drone x2  
  153  8:00  Overlord  
  153  8:01  Overlord x2  
  153  8:02  Drone  
  153  8:08  Hydralisk x8  
  153  8:10  Zerg Ground Armor Level 1  
  153  8:11  Grooved Spines, Zerg Missile Weapons Level 2  
  161  8:21  Hydralisk x4  
  161  8:22  Hydralisk  
  147  8:27  Hydralisk  
  143  8:46  Hydralisk x6  
  143  8:47  Hydralisk  
  151  8:58  Spore Crawler  
  151  8:59  Spore Crawler  
  151  9:02  Spore Crawler  
  144  9:05  Roach x11  
  166  9:10  Spore Crawler  
  165  9:22  Muscular Augments  
  163  9:30  Roach x8  
  161  9:53  Roach  
  161  9:54  Roach x8  
  161  9:59  Spore Crawler  
  171  10:00  Spore Crawler  
  171  10:01  Spore Crawler  
  171  10:02  Spore Crawler x2  
  171  10:05  Spore Crawler  
  166  10:15  Drone x10  
  166  10:17  Drone x4  
  178  10:24  Drone x5  
  167  10:37  Infestation Pit  
  167  10:41  Spore Crawler  
  159  10:42  Extractor  
  159  10:43  Spore Crawler x2  
  159  10:45  Drone x2, Extractor  
  159  10:46  Drone  
Tags
 
Composition
Roach Hydra
Matchup
ZvZ
Race
Zerg
Spawn Locations
Cross Positions
Add a new tag
Caveats
  • Supply blocks, unpowered buildings, or Contaminate may cause inaccurate times.
  • Supply counts are checked every 10 seconds.